 Dungeon Crawl Stone Soup version 0.22.0 (webtiles) character file.

9958 Kirk the Cleaver (level 11, -3/86 HPs)
             Began as a Demonspawn Gladiator on Aug 11, 2018.
             Was a High Priest of Okawaru.
             Slain by a hornet (12 damage)
             ... on level 10 of the Dungeon.
             The game lasted 00:25:26 (11028 turns).

Kirk the Cleaver (Demonspawn Gladiator)            Turns: 11028, Time: 00:25:26

Health: -3/86      AC: 12    Str: 17    XL:     11   Next: 29%
Magic:  13/13      EV: 13    Int: 10    God:    Okawaru [*****.]
Gold:   584        SH:  0    Dex: 15    Spells: 10/10 levels left

rFire    + + .     SeeInvis .   h - +0 broad axe
rCold    . . .     Gourm    +   (no shield)
rNeg     . . .     Faith    .   t - +2 leather armour {MR+}
rPois    .         Spirit   .   c - +1 helmet
rElec    .         Reflect  .   E - +0 cloak {MR+}
rCorr    .         Harm     .   e - +0 pair of gloves
MR       +++..                  (boots unavailable)
Stlth    +.........             F - amulet of the gourmand
HPRegen  0.24/turn              C - ring of protection from magic
MPRegen  0.13/turn              s - ring of protection from fire

@: lethally poisoned (-3 -> -7), slowed, drained, very slow
A: hooves 3, yellow scales 1, fire resistance 1, powered by death 2
a: Heroism, Finesse, Renounce Religion


You were on level 10 of the Dungeon.
You worshipped Okawaru.
Okawaru was extremely pleased with you.
You were full.

You visited 2 branches of the dungeon, and saw 11 of its levels.
You also visited: Sewer.

You collected 584 gold pieces.

Inventory:

Hand Weapons
 a - a +0 war axe
 h - a +0 broad axe (weapon)
 y - a +1 whip of electrocution
 z - a +0 blowgun
 J - a +2 lajatang of distortion
 L - a +1 battleaxe of chopping
 N - a cursed +3 war axe
Missiles
 d - 2 throwing nets (quivered)
 n - 24 poisoned needles
Armour
 c - a +1 helmet (worn)
 e - a +0 pair of gloves (worn)
 p - the +1 robe of Waoramoe {*Slow rC++ Int+4}
   (You found it on level 4 of the Dungeon)

   It affects your intelligence (+4).
   It greatly protects you from cold.
   It may slow you when you take damage.
 t - a +2 leather armour of magic resistance (worn)
 E - a +0 cloak of magic resistance (worn)
Jewellery
 o - an uncursed ring of positive energy
 s - a ring of protection from fire (right hand)
 C - a ring of protection from magic (left hand)
 F - an amulet of the gourmand (around neck)
 I - an uncursed ring of flight
 M - an uncursed ring of magical power {unknown}
Wands
 b - a wand of iceblast (16)
 v - a wand of digging (6)
 x - a wand of paralysis (9)
 K - a wand of polymorph (20)
Scrolls
 u - a scroll of magic mapping
 w - 5 scrolls of remove curse
 A - a scroll of enchant armour
 B - a scroll of amnesia
 D - a scroll of teleportation
 G - 2 scrolls of identify
Potions
 g - a potion of invisibility
 i - a potion of heal wounds
 j - 2 potions of curing
 k - 2 potions of lignification
 l - a potion of brilliance
 m - 3 potions of haste
 q - 2 potions of magic
 r - 3 potions of flight
 H - a potion of mutation {unknown}
Comestibles
 f - 18 rations


   Skills:
 + Level 8.1(7.9) Fighting
 + Level 13.2(13.0) Axes
 - Level 1.7(1.6) Throwing
 + Level 5.4(5.2) Armour
 - Level 2.6(2.5) Dodging
 - Level 3.2(3.0) Invocations


You had 10 spell levels left.
You didn't know any spells.
Your spell library contained the following spells:

 Spells                   Type           Power        Failure   Level  Hunger
 Regeneration             Chrm/Necr      #.........   80%         3    ####...
 Shroud of Golubria       Chrm/Tloc      #.........   56%         2    ###....
 Infusion                 Chrm           #...         41%         1    ##.....
 Song of Slaying          Chrm           #.......     56%         2    ###....
 Spectral Weapon          Hex/Chrm       #.......     80%         3    ####...


Dungeon Overview and Level Annotations

Branches:
Dungeon (10/15)            Temple (1/1) D:4            Lair (0/6) D:10
    Orc (0/2) D:10

Altars:
Ashenzari
Cheibriados
Dithmenos
Elyvilon
Fedhas
Gozag
Kikubaaqudgha
Nemelex Xobeh
Okawaru
Qazlal
Ru
Sif Muna
Trog
Uskayaw
Vehumet
Xom
Yredelemnul
Zin
The Shining One

Shops:
D:10 (


Innate Abilities, Weirdness & Mutations

You have hooves in place of feet.
You are partially covered in yellow scales. (AC +2)
Your flesh is heat resistant. (rF+)
You regenerate health from kills.


Message History

You are lethally poisoned!
You feel as though you will be slow longer.
The hornet closely misses you.
You feel better. The hornet stings you.
* * * LOW HITPOINT WARNING * * *
You are poisoned.
You feel as though you will be slow longer.
The hornet stings you.
* * * LOW HITPOINT WARNING * * *
You feel as though you will be slow longer.
You hit the hornet but do no damage.
The hornet is almost dead.
You feel sick.
The hornet stings you but does no damage.
The hornet closely misses you.
The hornet stings you but does no damage.
You completely miss the hornet.
The hornet is almost dead.
You feel sick. The hornet stings you!
You die...

#########........# #.
.........[...###.# #.
###..#######.# #.# ##
#<#..# #.# #.# # #.#..#
#.###.####### # #.#..#
#.#.........# #.#..#
#.#.#.#####.#
#.#..#######.#.#.# #.#
#....##......#.#@# #.#
####.###.##..#.#.y...#.#
#.# #.##..#.#####.#.#
#.###.##..#.# #.#
#.........#..
#.##########
#.###.###.###
#........... ### #.....#
############ #.##### #.#


You could see a hornet.

Vanquished Creatures
  Harold (D:7)
  An unseen horror (D:10)
  Pikel (D:8)
  Joseph (D:7)
  2 trolls
  5 yaks (D:9)
  4 hogs (D:7)
  A human (D:7)
  2 hungry ghosts
  2 hell hounds (D:10)
  Duvessa (D:7)
  3 water moccasins
  4 orc warriors
  4 sky beasts
  A necrophage (D:6)
  3 ice beasts
  3 phantoms
  8 ogres
  A centaur (D:9)
  A big kobold (D:8)
  Blork the orc (D:5)
  4 bullfrogs
  A wyvern zombie (D:9)
  A scorpion (D:6)
  Dowan (D:7)
  3 killer bees (D:9)
  17 wights
  An electric eel (D:10)
  A howler monkey (D:6)
  11 crimson imps
  3 centaur zombies
  A bullfrog zombie (D:10)
  4 hounds
  A jelly (D:7)
  4 orc priests
  2 centaur skeletons
  2 bullfrog skeletons
  3 iguanas
  6 orc wizards
  5 worker ants
  A hound zombie (D:9)
  2 worker ant zombies
  13 adders
  4 gnolls (D:3)
  3 shadow imps
  3 oozes
  An adder zombie (D:6)
  3 worms
  4 adder skeletons
  5 dart slugs
  12 leopard geckos
  62 orcs
  4 ball pythons (Sewer)
  6 bats
  12 giant cockroaches
  8 goblins
  9 hobgoblins
  9 jackals
  4 quokkas
  A ball python zombie (D:5)
  13 frilled lizards
  12 kobolds
  A quokka skeleton (D:5)
  2 rats (D:1)
315 creatures vanquished.

Vanquished Creatures (others)
  A crimson imp (D:8)
  A quasit (D:8)
  A leopard gecko (D:8)
  2 kobolds (D:8)
5 creatures vanquished.

Grand Total: 320 creatures vanquished

Notes
Turn   | Place    | Note
-------+----------+-------------------------------------------
     0 | D:1      | Kirk the Demonspawn Gladiator began the quest for the Orb.
     0 | D:1      | Reached XP level 1. HP: 16/16 MP: 1/1
    35 | D:1      | Reached skill level 3 in Axes
    42 | D:1      | Gained mutation: You have large cloven feet. [demonic ancestry]
    42 | D:1      | Reached XP level 2. HP: 14/22 MP: 2/2
   176 | D:1      | Gained mutation: You have hoof-like feet. [demonic ancestry]
   176 | D:1      | Reached XP level 3. HP: 11/27 MP: 3/3
   738 | D:1      | Reached skill level 4 in Axes
  1412 | D:2      | Gained mutation: You regenerate a little health from kills. [demonic ancestry]
  1412 | D:2      | Reached XP level 4. HP: 26/34 MP: 4/4
  2095 | D:3      | Found a faded altar of an unknown god.
  2187 | D:3      | Reached skill level 1 in Armour
  2601 | D:4      | Gained mutation: Your flesh is heat resistant. (rF+) [demonic ancestry]
  2601 | D:4      | Reached XP level 5. HP: 26/39 MP: 5/5
  2607 | D:4      | Reached skill level 5 in Axes
  2810 | D:4      | Noticed a phantom
  2828 | D:4      | Killed a phantom
  2828 | D:4      | Reached XP level 6. HP: 46/46 MP: 6/6
  3050 | D:4      | Found a glowing drain.
  3062 | Sewer    | Entered a sewer
  3222 | Sewer    | Reached skill level 6 in Axes
  3519 | D:4      | Found a staircase to the Ecumenical Temple.
  3540 | Temple   | Entered the Ecumenical Temple
  3700 | Temple   | Became a worshipper of Warmaster Okawaru
  3771 | D:3      | Gained mutation: You have hooves in place of feet. [demonic ancestry]
  3771 | D:3      | Reached XP level 7. HP: 30/52 MP: 7/7
  4042 | D:4      | Got an ichor-stained robe
  4055 | D:4      | Found an opulent altar of Gozag.
  4180 | D:4      | Reached skill level 7 in Axes
  4387 | D:4      | Found a glowing silver altar of Zin.
  4388 | D:4      | Found a glowing golden altar of the Shining One.
  4568 | D:5      | Entered Level 5 of the Dungeon
  4657 | D:5      | Found a glowing golden altar of the Shining One.
  4830 | D:5      | Noticed Blork the orc
  4839 | D:5      | Killed Blork the orc
  4889 | D:5      | Reached * piety under Okawaru
  4889 | D:5      | Reached XP level 8. HP: 23/60 MP: 8/8
  5162 | D:5      | Reached skill level 8 in Axes
  5445 | D:5      | Identified the +1 robe of Waoramoe {*Slow rC++ Int+4} (You found it on level 4 of the Dungeon)
  5601 | D:6      | Reached skill level 9 in Axes
  5639 | D:6      | Reached ** piety under Okawaru
  5986 | D:7      | Reached skill level 1 in Invocations
  5986 | D:7      | Gained mutation: You regenerate health from kills. [demonic ancestry]
  5986 | D:7      | Reached XP level 9. HP: 39/65 MP: 9/9
  6175 | D:7      | Reached skill level 5 in Fighting
  6178 | D:7      | Reached skill level 10 in Axes
  6179 | D:7      | Reached *** piety under Okawaru
  6496 | D:7      | Noticed Joseph
  6512 | D:7      | Killed Joseph
  6526 | D:7      | Noticed Dowan
  6548 | D:7      | Killed Dowan
  6954 | D:7      | Reached **** piety under Okawaru
  6954 | D:7      | Received a gift from Okawaru
  6954 | D:7      | Reached skill level 11 in Axes
  7138 | D:7      | Gained mutation: You are partially covered in yellow scales. (AC +2) [demonic ancestry]
  7138 | D:7      | Reached XP level 10. HP: 74/76 MP: 12/12
  7139 | D:7      | Found a snail-covered altar of Cheibriados.
  7173 | D:7      | Found a white marble altar of Elyvilon.
  7203 | D:7      | Noticed Harold
  7216 | D:7      | Killed Harold
  7233 | D:7      | Noticed Duvessa
  7242 | D:7      | Killed Duvessa
  7275 | D:7      | Found a sacrificial altar of Ru.
  7500 | D:8      | Found a shadowy altar of Dithmenos.
  7609 | D:8      | Found a sparkling altar of Nemelex Xobeh.
  7696 | D:8      | Noticed Pikel
  7716 | D:8      | Killed Pikel
  7756 | D:8      | Reached ***** piety under Okawaru
  7883 | D:8      | Found a stormy altar of Qazlal.
  8282 | D:8      | Reached skill level 12 in Axes
  8380 | D:9      | Reached skill level 5 in Armour
  8416 | D:9      | Received a gift from Okawaru
  8536 | D:9      | Received a gift from Okawaru
  9287 | D:9      | Reached XP level 11. HP: 64/84 MP: 13/13
  9567 | D:10     | Entered Level 10 of the Dungeon
  9706 | D:10     | Found a staircase to the Lair.
 10065 | D:10     | Noticed an orc knight
 10092 | D:10     | Killed an unseen horror
 10092 | D:10     | Reached skill level 13 in Axes
 10835 | D:10     | Found a staircase to the Orcish Mines.
 10835 | D:10     | Found Qunauq's Weapon Boutique.
 11008 | D:10     | Paralysed by a hornet for 2 turns
 11017 | D:10     | Paralysed by a hornet for 1 turns
 11028 | D:10     | Slain by a hornet

Skill      XL: |  1  2  3  4  5  6  7  8  9 10 11 |
---------------+----------------------------------+-----
Axes           | 3 4 5 6 7 9 11 12 13 | 13.2
Armour         | 1 2 3 4 5 |  5.4
Fighting       | 3 4 6 7 8 |  8.1
Invocations    | 1 3 |  3.2
Throwing       | |  1.7
Dodging        | |  2.6

Action                   |  1- 3 |  4- 6 |  7- 9 | 10-12 || total
-------------------------+-------+-------+-------+-------++-------
Melee: War axe           |    90 |   204 |   295 |    51 ||   640
       Kick              |    21 |    45 |    94 |   135 ||   295
       Broad axe         |       |       |       |   442 ||   442
Throw: Throwing net      |       |       |     3 |       ||     3
Invok: Heroism           |       |       |       |     5 ||     5
Evoke: Wand              |       |       |       |     2 ||     2
  Use: Potion            |     1 |       |     3 |     8 ||    12
       Scroll            |       |     8 |     8 |     8 ||    24
 Stab: Invisible         |       |       |       |     3 ||     3
  Eat: Chunk             |     2 |     7 |    10 |    19 ||    38
       Ration            |       |       |     2 |     1 ||     3
Armor: Leather armour    |    25 |    76 |    62 |   131 ||   294
       Skin              |     6 |       |       |       ||     6
       Ring mail         |       |       |    25 |       ||    25
Dodge: Dodged            |    49 |   143 |   169 |   278 ||   639
